 Dungeon Crawl Stone Soup version 0.23.2-1-ga50397a (webtiles) character file.

Game seed: 10113323167276023183

71726 MalarOregon the Impaler (level 15, -6/107 HPs)
             Began as a Merfolk Skald on May 13, 2019.
             Was a High Priest of Hepliaklqana.
             Mangled by an orc knight
             ... wielding a +0 battleaxe
              (23 damage)
             ... on level 2 of the Orcish Mines.
             The game lasted 00:56:44 (29283 turns).

MalarOregon the Impaler (Merfolk Skald)            Turns: 29283, Time: 00:56:45

Health: -6/107     AC: 18    Str: 16    XL:     15   Next: 37%
Magic:  0/22       EV: 22    Int: 14    God:    Hepliaklqana [*****.]
Gold:   1884       SH:  0    Dex: 14    Spells: 15/24 levels left

rFire    + . .     SeeInvis +   D - +8 glaive of the Guard {elec, +Rage AC+5 SInv}
rCold    + . .     Gourm    .   (shield currently unavailable)
rNeg     . . .     Faith    .   j - +5 ring mail {rF+}
rPois    .         Spirit   +   B - +0 mask of the Dragon {MR+ Slay+3 SInv}
rElec    .         Reflect  .   E - +0 cloak
rCorr    +         Harm     .   g - +0 pair of gloves
MR       ++...                  (no boots)
Stlth    +.........             O - amulet of guardian spirit
HPRegen  0.27/turn              o - ring of protection from cold
MPRegen  0.18/turn              q - ring of resist corrosion

@: no status effects
A: change form in water, swift swim, stealthy swim, reduced essence
a: Recall Ancestor, Ancestor Identity, Transference, Idealise, Renounce
Religion, Evoke Berserk Rage


You were on level 2 of the Orcish Mines.
You worshipped Hepliaklqana.
Hepliaklqana was extremely pleased with you.
You were not hungry.

You visited 4 branches of the dungeon, and saw 21 of its levels.

You collected 1884 gold pieces.

Inventory:

Hand Weapons
 D - the +8 glaive of the Guard (weapon) {elec, +Rage AC+5 SInv}
   (You found it on level 6 of the Lair of Beasts)

   Occasionally, upon striking a foe, it will discharge some electrical energy
   and cause terrible harm.
   It affects your AC (+5).
   It lets you see invisible.
   It lets you go berserk.
Missiles
 c - 15 poisoned tomahawks
 v - 19 tomahawks (quivered)
Armour
 g - a +0 pair of gloves (worn)
   (You found it on level 2 of the Dungeon)
 j - a +5 ring mail of fire resistance (worn)
   (You took it off an orc on level 1 of the Orcish Mines)
 B - the +0 mask of the Dragon (worn) {MR+ Slay+3 SInv}
   (You found it on level 5 of the Dungeon)

   It affects your accuracy and damage with ranged weapons and melee attacks
   (+3).
   It affects your resistance to hostile enchantments.
   It lets you see invisible.
 E - a +0 cloak (worn)
   (You found it on level 6 of the Dungeon)
Jewellery
 h - an uncursed ring of fire
   (You found it on level 1 of the Dungeon)
 o - a ring of protection from cold (left hand)
   (You found it on level 1 of the Dungeon)
 q - a ring of resist corrosion (right hand)
   (You found it on level 3 of the Dungeon)
 w - an uncursed ring of positive energy
   (You found it on level 6 of the Lair of Beasts)
 O - an amulet of guardian spirit (around neck)
   (You found it on level 10 of the Dungeon)
Wands
 r - a wand of polymorph (17)
   (You found it on level 3 of the Dungeon)
 t - a wand of flame (25)
   (You took it off Grinder on level 5 of the Dungeon)
 y - a wand of clouds (1)
   (You found it on level 5 of the Lair of Beasts)
Scrolls
 b - 3 scrolls of magic mapping
 i - 6 scrolls of identify {@r1}
 n - 2 scrolls of amnesia
 p - 9 scrolls of remove curse {@r2}
 u - 5 scrolls of noise {!r}
 I - 2 scrolls of torment {!r}
 M - 4 scrolls of enchant weapon
 Q - 2 scrolls of fog
 R - 2 scrolls of blinking
Potions
 f - 3 potions of brilliance
 l - 3 potions of mutation {!q}
 m - a potion of heal wounds {@q2}
 s - 4 potions of cancellation
 z - 3 potions of flight
 A - 2 potions of lignification {!q}
 F - a potion of resistance
 G - 2 potions of agility
 H - a potion of might
Comestibles
 a - a chunk of flesh
 e - 39 rations {!d}


   Skills:
 + Level 11.2 Fighting
 + Level 19.5 Polearms
 + Level 6.3 Armour
 - Level 19.0 Dodging
 - Level 5.0 Spellcasting
 - Level 5.0 Hexes
 - Level 5.0 Charms
 - Level 5.0 Necromancy
 - Level 5.0 Invocations
 + Level 7.2 Evocations


You had 15 spell levels left.
You knew the following spells:

 Your Spells              Type           Power        Failure   Level  Hunger
d - Tukima's Dance        Hex            ###.....     12%         3    ###....
e - Regeneration          Chrm/Necr      ###.......   12%         3    ###....
t - Spectral Weapon       Hex/Chrm       ###.....     12%         3    ###....

Your spell library contained the following spells:

 Spells                   Type           Power        Failure   Level  Hunger
 Corona                   Hex            ###....      3%          1    None
 Infusion                 Chrm           ###.         3%          1    None
 Song of Slaying          Chrm           ###.....     6%          2    ##.....
 Confuse                  Hex            ###.....     12%         3    ###....
 Ensorcelled Hibernation  Hex/Ice        ##....       16%         2    ##.....
 Shroud of Golubria       Chrm/Tloc      ##........   16%         2    ##.....
 Swiftness                Chrm/Air       ##......     16%         2    ##.....
 Freeze                   Ice            #...         30%         1    None
 Magic Dart               Conj           #...         30%         1    None
 Sandblast                Erth           #.....       30%         1    None
 Shock                    Conj/Air       #...         30%         1    None
 Summon Butterflies       Summ           #.......     30%         1    None
 Summon Small Mammal      Summ           #...         30%         1    None
 Dazzling Spray           Conj/Hex       ##....       32%         3    ###....
 Ozocubu's Armour         Chrm/Ice       ##......     32%         3    ###....
 Summon Guardian Golem    Hex/Summ       ##......     32%         3    ###....
 Call Imp                 Summ           #.......     41%         2    ##.....
 Passwall                 Tmut/Erth      #.......     41%         2    ##.....
 Throw Frost              Conj/Ice       #.....       41%         2    ##.....
 Call Canine Familiar     Summ           #.......     65%         3    ###....
 Static Discharge         Conj/Air       #.......     65%         3    ###....
 Stone Arrow              Conj/Erth      #.....       65%         3    ###....
 Airstrike                Air            #.........   96%         4    ####...
 Iskenderun's Mystic Bla  Conj           #.......     96%         4    ####...
 Petrify                  Tmut/Erth      #.......     96%         4    ####...
 Summon Ice Beast         Ice/Summ       #.......     96%         4    ####...
 Summon Lightning Spire   Summ/Air       #.......     96%         4    ####...
 Throw Icicle             Conj/Ice       #.......     96%         4    ####...
 Summon Mana Viper        Hex/Summ       ##......     96%         5    ######.
 Fireball                 Conj/Fire      #.........   100%        5    ######.
 Lee's Rapid Deconstruct  Erth           #.........   100%        5    ######.
 Lightning Bolt           Conj/Air       #.........   100%        5    ######.
 Summon Hydra             Summ           #.........   100%        7    #######


Dungeon Overview and Level Annotations

Branches:
Dungeon (12/15)            Temple (1/1) D:7            Lair (6/6) D:11
  Swamp (0/4) Lair:2        Snake (0/4) Lair:4        Slime (0/5) Lair:5
    Orc (2/2) D:12
    Elf: Orc:2

Altars:
Ashenzari
Cheibriados
Dithmenos
Elyvilon
Fedhas
Gozag
Hepliaklqana
Kikubaaqudgha
Makhleb
Nemelex Xobeh
Okawaru
Qazlal
Ru
Sif Muna
Trog
Uskayaw
Vehumet
Wu Jian
Xom
Yredelemnul
Zin
The Shining One
Beogh

Shops:
Orc:1 (


Message History

You reach to attack!
You slash the orc warlord!
The orc knight roars a battlecry!
The orc warlord goes into a battle-frenzy!
Hsekiu closely misses the orc warlord.
Hsekiu misses the orc knight.
The orc warlord hits you from afar with a +0 glaive!
The orc priest closely misses you.
The orc knight shoots a bolt.
The bolt hits Hsekiu!
All of the chunks of flesh in your inventory have rotted away.
You climb upwards.
There is a stone staircase leading down here.
You closely miss the orc priest.
The orc priest begins to cast a cantrip, but forgets the words!
You slash the orc priest! The orc priest misses you.
You barely miss the orc priest. You slash the orc priest!
You kill the orc priest!
No target in view!
Things that are here:
a +0 dagger; a +0 scale mail; an orc corpse You butcher the orc corpse.
a - a chunk of flesh
Things that are here:
a +0 dagger; a +0 scale mail; an orc skeleton
There is a stone staircase leading down here.
You start resting.
Hsekiu is recalled.
You climb downwards.
The orc warlord roars a battlecry!
The orcs go into a battle-frenzy!
There is a stone staircase leading up, spattered with blood here.
The orc knight roars a battlecry!
The orc warlord goes into a battle-frenzy!
The orc warlord hits you from afar with a +0 glaive!!
Attack whom?
Aim: an orc warlord, wielding a +0 glaive and wearing a +0 chain mail (unusually strong)
You reach to attack!
You slice the orc warlord!!
The orc knight roars a battlecry!
Attack whom?
Aim: an orc warlord, wielding a +0 glaive and wearing a +0 chain mail (lightly wounded, unusually strong)
You reach to attack!
You slash the orc warlord!
The orc warlord hits you from afar with a +0 glaive!!
Hsekiu completely misses the orc warlord.
Attack whom?
Aim: an orc warlord, wielding a +0 glaive and wearing a +0 chain mail (moderately wounded, unusually strong)
You reach to attack!
You hit the orc warlord.
The orc knight shoots a bolt.
The bolt barely misses you.
The orc warlord hits you from afar with a +0 glaive!!!
* * * LOW HITPOINT WARNING * * *
The orc knight hits you with a +0 battleaxe!!
You die...

......##............##...
.......#.................
.......#.....##..........
#............##..........
##...........####.(......
#.............# #........
#....)).....#####........
....)).#......##.(....<..
......##.......)@...###..
......####....R[o....# .
....#.# ##...o)o#.###
....### #...oo##.###
...## #.#..o####.## ...#
### ###.........#
######.## ##.......##
.####...# ###.....#
###....## #..o..####


You could see the friendly Hsekiu the knight, an orc warlord, 2 orc knights and
3 orc warriors.

Vanquished Creatures
  Gastronok (Lair:2)
  The ghost of keltmir the Thaumaturge, a journeyman GnSk of Okawaru (Lair:5)
  The ghost of Hycrow the Severer, a journeyman MiBe of Trog (Lair:4)
  The ghost of Terandir the Cleaver, a journeyman MiFi of Cheibriados (Lair:5)
  7 hydras
  Erolcha (D:10)
  Fannar (D:12)
  An orc high priest (Orc:2)
  Nergalle (Lair:2)
  A fire crab (Lair:5)
  The ghost of Ratty the Destroyer, a novice OgFE of Sif Muna (D:8)
  An unseen horror (D:10)
  3 deep trolls (D:12)
  Pikel (D:5)
  2 orc knights
  A cyclops (D:12)
  2 ugly things
  The ghost of grocchini the Martial Artist, a novice DsGl of Cheibriados (D:6)
  An orc sorcerer (Orc:2)
  A wolf spider (Lair:6)
  3 elephants (Lair:6)
  A guardian serpent (Lair:6)
  A moth of wrath (D:8)
  2 rust devils
  10 black mambas
  3 centaur skeletons
  A gargoyle (D:12)
  2 rime drakes
  11 spiny frogs
  3 komodo dragons
  9 trolls
  11 polar bears
  4 blink frogs
  3 hornets
  A slime creature (Lair:5)
  9 dream sheep
  8 hippogriffs
  Grinder (D:5)
  A spriggan (D:7)
  A wraith (D:9)
  14 yaks
  2 water elementals (D:12)
  11 wyverns
  A basilisk (Lair:6)
  A hungry ghost (D:10)
  Menkaure (D:7)
  7 wargs
  12 water moccasins
  6 porcupines
  Duvessa (D:4)
  13 hell hounds (Lair:6)
  23 orc warriors
  8 black bears
  3 ice beasts
  A necrophage (D:8)
  7 ogres
  4 phantoms
  3 sky beasts
  15 wolves
  A boggart (D:7)
  11 centaurs
  11 crocodiles
  13 bullfrogs
  A wyvern skeleton (D:11)
  Dowan (D:4)
  10 killer bees
  4 electric eels
  4 jellies
  9 wights
  A howler monkey (D:4)
  2 crimson imps
  A bullfrog zombie (D:7)
  2 centaur zombies
  8 hounds
  A quasit (D:12)
  Crazy Yiuf (D:7)
  2 gnoll shamans
  9 orc priests
  2 bullfrog skeletons
  3 iguanas
  22 orc wizards
  4 hell rats (Lair:5)
  9 worker ants
  A hound zombie (D:5)
  18 gnolls
  8 adders
  5 shadow imps
  An ooze (D:1)
  An adder zombie (D:5)
  2 adder skeletons (D:5)
  A worm (D:5)
  3 dart slugs
  5 leopard geckos
  78 orcs
  3 ball pythons
  4 giant cockroaches
  3 goblins
  7 hobgoblins
  13 jackals
  6 kobolds
  5 quokkas
  9 bats
  8 frilled lizards
  A jackal zombie (D:6)
  A leopard gecko skeleton (D:4)
  A quokka skeleton (D:8)
  5 rats
  A plant (Lair:6)
570 creatures vanquished.

Vanquished Creatures (collateral kills)
  The ghost of JetFlynn the Blocker, a journeyman DsFi of Okawaru (Lair:5)
  2 hydras
  The ghost of daning the Eclecticist, a journeyman DECj of Sif Muna (Lair:6)
  An orc sorcerer (Orc:2)
  4 oklob plants (Lair:2)
  3 black mambas
  A spiny frog (Lair:5)
  A rime drake (Lair:1)
  A komodo dragon (Lair:4)
  3 trolls
  A hornet (Lair:6)
  2 blink frogs (Lair:1)
  2 hippogriffs
  4 dream sheep
  A redback (Lair:6)
  4 yaks
  4 wyverns (Lair:6)
  4 water moccasins
  2 hell hounds (Lair:6)
  4 orc warriors
  An ice beast (D:8)
  5 black bears (Lair:6)
  A phantom (D:9)
  2 crocodiles
  3 wolves
  2 ogres (D:9)
  A bullfrog (Lair:3)
  A scorpion (D:9)
  A killer bee (D:12)
  A jelly (Lair:5)
  An orc priest (Orc:1)
  4 orc wizards
  An iguana (D:8)
  A hell rat (Lair:5)
  A shadow imp (D:10)
  9 orcs
  A jackal (D:9)
  2 plants
84 creatures vanquished.

Vanquished Creatures (others)
  2 slaves (D:5)
  A hound (D:5)
  A bullfrog skeleton (D:5)
  An orc priest (D:5)
  3 ancestors
  10 knights
  3 orcs
  3 bushes (Lair:5)
  19 fungi
  30 plants
73 creatures vanquished.

Grand Total: 727 creatures vanquished

Notes
Turn   | Place    | Note
-------+----------+-------------------------------------------
     0 | D:1      | MalarOregon the Merfolk Skald began the quest for the Orb.
     0 | D:1      | Reached XP level 1. HP: 16/16 MP: 3/3
   152 | D:1      | Reached XP level 2. HP: 22/23 MP: 5/5
   475 | D:1      | Reached XP level 3. HP: 24/28 MP: 6/6
  1782 | D:3      | Reached XP level 4. HP: 35/35 MP: 7/7
  1878 | D:3      | Found a sacrificial altar of Ru.
  2091 | D:3      | Reached XP level 5. HP: 33/41 MP: 8/8
  2238 | D:3      | Reached skill level 5 in Polearms
  2253 | D:3      | HP: 2/42 [poisoned by a gnoll]
  2259 | D:3      | HP: 2/42 [poisoned by a gnoll]
  2909 | D:4      | Reached skill level 5 in Dodging
  2909 | D:4      | Reached XP level 6. HP: 47/48 MP: 9/9
  3088 | D:4      | Noticed Duvessa
  3088 | D:4      | Noticed Dowan
  3101 | D:5      | Entered Level 5 of the Dungeon
  3370 | D:5      | Noticed Pikel
  3371 | D:5      | Noticed a slave
  3371 | D:5      | Noticed a slave
  3372 | D:5      | Reached XP level 7. HP: 18/55 MP: 10/10
  3377 | D:5      | Killed Pikel
  3377 | D:5      | Reached skill level 5 in Fighting
  3377 | D:5      | Reached XP level 8. HP: 19/63 MP: 11/11
  3822 | D:4      | Killed Dowan
  3829 | D:4      | Killed Duvessa
  4162 | D:4      | Reached skill level 10 in Polearms
  4197 | D:4      | Found a blossoming altar of Fedhas.
  4539 | D:4      | Found a shadowy altar of Dithmenos.
  4921 | D:5      | Found a bloodstained altar of Trog.
  4936 | D:5      | Found the +0 mask of the Dragon {MR+ Slay+3 SInv}
  4951 | D:5      | Found a basalt altar of Yredelemnul.
  5070 | D:5      | Noticed Grinder
  5089 | D:5      | Killed Grinder
  5089 | D:5      | Reached XP level 9. HP: 44/71 MP: 12/12
  5904 | D:6      | Found a white marble altar of Elyvilon.
  6004 | D:6      | Found a radiant altar of Vehumet.
  6034 | D:6      | Found a large runed translucent door.
  6034 | D:6      | Found a large runed translucent door.
  6036 | D:6      | Noticed grocchini's ghost (novice DsGl)
  6321 | D:6      | Killed grocchini's ghost
  6658 | D:7      | Reached skill level 10 in Dodging
  6722 | D:7      | Found a glowing golden altar of the Shining One.
  6828 | D:7      | Noticed Menkaure
  6830 | D:7      | Reached XP level 10. HP: 80/80 MP: 13/13
  6848 | D:7      | Killed Menkaure
  6998 | D:7      | Found a staircase to the Ecumenical Temple.
  7029 | Temple   | Entered the Ecumenical Temple
  7091 | Temple   | Became a worshipper of Hepliaklqana the Forgotten
  7265 | D:7      | Found a runed translucent door.
  7266 | D:7      | Noticed Crazy Yiuf
  7364 | D:7      | Found an ancient bone altar of Kikubaaqudgha.
  7693 | D:7      | Killed Crazy Yiuf
  7899 | D:8      | Found a sacrificial altar of Ru.
  7900 | D:8      | Found an iron altar of Okawaru.
  8069 | D:7      | Noticed a rust devil
  8069 | D:7      | Noticed a rust devil
  8093 | D:8      | Killed a rust devil
  8093 | D:8      | Reached skill level 15 in Polearms
  8317 | D:7      | Killed a rust devil
  8397 | D:8      | Noticed a moth of wrath
  8420 | D:8      | Reached * piety under Hepliaklqana
  8420 | D:8      | Found a transporter.
  8425 | D:8      | Noticed Ratty's ghost (novice OgFE)
  8436 | D:8      | Found a transporter.
  8464 | D:8      | Found a white marble altar of Elyvilon.
  9038 | D:9      | Reached skill level 10 in Fighting
  9038 | D:9      | Reached XP level 11. HP: 72/81 MP: 14/14
  9045 | D:9      | Reached skill level 1 in Invocations
  9046 | D:9      | Reached skill level 1 in Evocations
  9051 | D:9      | Learned a level 3 spell: Regeneration
  9055 | D:9      | Learned a level 3 spell: Spectral Weapon
  9082 | D:9      | Found an opulent altar of Gozag.
  9085 | D:9      | Found a shimmering altar of Xom.
  9346 | D:10     | Entered Level 10 of the Dungeon
  9418 | D:10     | Noticed an unseen horror
  9428 | D:10     | Killed an unseen horror
  9446 | D:10     | You fall through a shaft!
  9489 | D:11     | Found a staircase to the Lair.
  9956 | D:11     | Reached skill level 5 in Charms
 10002 | D:11     | Got a jewelled flail
 10134 | D:11     | Reached ** piety under Hepliaklqana
 10156 | D:11     | Noticed a green ugly thing
 10167 | D:11     | Killed a green ugly thing
 10271 | D:11     | Remembered your ancestor Hsekiu as a knight
 10440 | D:10     | Noticed Erolcha
 10462 | D:10     | Killed Erolcha
 10462 | D:10     | Reached skill level 1 in Armour
 10555 | D:10     | Found a bloodstained altar of Trog.
 12431 | D:8      | Killed a moth of wrath
 12565 | D:8      | Killed Ratty's ghost
 12565 | D:8      | Reached XP level 12. HP: 77/87 MP: 18/18
 12890 | D:12     | Reached skill level 5 in Invocations
 12929 | D:12     | Found a staircase to the Orcish Mines.
 12987 | D:12     | Reached skill level 5 in Spellcasting
 12994 | D:12     | Noticed a four-headed hydra
 13009 | D:12     | Killed a four-headed hydra
 13009 | D:12     | Reached skill level 5 in Evocations
 13604 | D:12     | Paralysed by a hornet for 3 turns
 14074 | D:12     | Reached skill level 5 in Armour
 14078 | D:12     | Reached skill level 15 in Dodging
 14175 | Lair:1   | Entered Level 1 of the Lair of Beasts
 14355 | Lair:1   | Reached XP level 13. HP: 27/92 MP: 20/20
 14655 | Lair:1   | Reached *** piety under Hepliaklqana
 14731 | Lair:1   | Found a sacrificial altar of Ru.
 15495 | Lair:2   | Noticed Nergalle
 15511 | Lair:2   | Killed Nergalle
 15903 | Lair:2   | Found a staircase to the Swamp.
 16388 | Lair:2   | Reached **** piety under Hepliaklqana
 16404 | Lair:2   | Noticed Gastronok
 16419 | Lair:2   | Killed Gastronok
 16474 | Lair:2   | Got a translucent long sword
 16917 | Lair:3   | Identified a scroll of acquirement
 16920 | Lair:3   | Identified the +9 long sword of Trauma {speed, rPois Str+2}
                  | (You found it on level 2 of the Lair of Beasts)
 16922 | Lair:3   | Identified the +7 flail of Anetz {drain, Fragile +Fly
                  | Str+3} (You found it on level 11 of the Dungeon)
 17112 | Lair:3   | Reached skill level 1 in Hexes
 17122 | Lair:3   | Reached skill level 1 in Necromancy
 18258 | Lair:4   | Learned a level 3 spell: Tukima's Dance
 18382 | Lair:4   | Found a staircase to the Snake Pit.
 18727 | Lair:4   | Reached ***** piety under Hepliaklqana
 19626 | Lair:5   | Found a staircase to the Slime Pits.
 19679 | Lair:5   | Reached XP level 14. HP: 77/99 MP: 16/21
 21108 | Lair:6   | Entered Level 6 of the Lair of Beasts
 21854 | Lair:6   | Reached skill level 5 in Hexes
 21943 | Lair:6   | Reached skill level 5 in Necromancy
 22087 | Lair:6   | HP: 2/99 [wolf spider (9)]
 23418 | Lair:6   | Got a translucent short sword
 23860 | Lair:6   | HP: 4/99 [polar bear (8)]
 24276 | Lair:6   | HP: 4/99 [hell hound (6)]
 24669 | Lair:6   | Found the +8 glaive of the Guard {elec, +Rage AC+5 SInv}
 24877 | Lair:6   | Found a runed translucent gate.
 24877 | Lair:6   | Found a runed translucent gate.
 24877 | Lair:6   | Found a runed translucent gate.
 24887 | Lair:6   | Noticed daning's ghost (journeyman DECj)
 24887 | Lair:6   | Noticed Hycrow's ghost (journeyman MiBe)
 24887 | Lair:6   | Noticed Terandir's ghost (journeyman MiFi)
 24887 | Lair:6   | Noticed JetFlynn's ghost (journeyman DsFi)
 24888 | Lair:6   | Noticed keltmir's ghost (journeyman GnSk)
 24975 | Lair:6   | Reached XP level 15. HP: 102/105 MP: 22/22
 25129 | Lair:5   | Killed keltmir's ghost
 25511 | Lair:4   | Killed Hycrow's ghost
 25834 | Lair:5   | Killed Terandir's ghost
 26169 | Lair:5   | Found a staircase to the Slime Pits.
 26384 | Lair:5   | Killed JetFlynn's ghost
 26664 | Lair:6   | Killed daning's ghost
 26684 | Lair:6   | Identified the Incunabulum of Battle Magic
 26837 | Orc:1    | Entered Level 1 of the Orcish Mines
 26837 | Orc:1    | Found Naowo's Antique Weapon Boutique.
 26917 | Orc:1    | Noticed Fannar
 27818 | D:12     | Killed Fannar
 28393 | Orc:2    | Entered Level 2 of the Orcish Mines
 29036 | Orc:2    | Noticed an orc warlord
 29038 | Orc:2    | Found a roughly hewn altar of Beogh.
 29283 | Orc:2    | Mangled by an orc knight

Skill      XL: |  1  2  3  4  5  6  7  8  9 10 11 12 13 14 15 |
---------------+----------------------------------------------+-----
Dodging        | 3 4 5 6 8 10 11 16 19 | 19.0
Fighting       | 3 4 5 6 8 10 11 | 11.2
Polearms       | 4 5 7 8 11 13 16 19 | 19.5
Invocations    | 4 5 |  5.0
Evocations     | 4 5 6 7 |  7.2
Charms         | 5 |  5.0
Spellcasting   | 4 5 |  5.0
Armour         | 2 5 6 |  6.3
Hexes          | 3 5 |  5.0
Necromancy     | 3 5 |  5.0

Action                   |  1- 3 |  4- 6 |  7- 9 | 10-12 | 13-15 || total
-------------------------+-------+-------+-------+-------+-------++-------
Melee: Spear             |   195 |    74 |       |       |       ||   269
       Trident           |       |    31 |       |       |   757 ||   788
       Halberd           |       |    44 |   251 |   667 |   112 ||  1074
       Tailslap          |       |       |       |     8 |       ||     8
       Glaive            |       |       |       |       |   347 ||   347
Invok: Recall Ancestor   |       |       |       |     5 |     2 ||     7
       Ancestor Life: Kn |       |       |       |     1 |       ||     1
Evoke: Wand              |       |       |     5 |     9 |    33 ||    47
  Use: Scroll            |     7 |       |       |     1 |    32 ||    40
       Potion            |       |     2 |       |     2 |    18 ||    22
 Stab: Distracted        |       |       |       |     2 |    10 ||    12
  Eat: Chunk             |     3 |     4 |    12 |    20 |    37 ||    76
       Ration            |       |       |       |     2 |     3 ||     5
Armor: Leather armour    |    29 |       |       |       |       ||    29
       Chain mail        |    36 |    63 |    98 |   184 |   331 ||   712
       Skin              |       |       |       |       |     6 ||     6
       Ring mail         |       |       |       |       |    15 ||    15
Dodge: Dodged            |    82 |    42 |    82 |   235 |   662 ||  1103
